 Dungeon Crawl Stone Soup version 0.27-a0-1280-g9d2d252d84 (webtiles) character file.

Game seed: 7767504114371884734

174 Johnny the Magician (level 5, -1/31 HPs)
             Began as a Deep Elf Earth Elementalist on June 13, 2021.
             Slain by a gnoll (5 damage)
             ... on level 2 of the Dungeon.
             The game lasted 00:01:16 (1551 turns).

Johnny the Magician (Deep Elf Earth Elementalist)   Turns: 1551, Time: 00:01:17

Health: -1/31      AC:  2    Str:  5    XL:     5   Next: 28%
Magic:  13/13      EV: 12    Int: 21    God:
Gold:   76         SH:  0    Dex: 15    Spells: 11/12 levels left

rFire    . . .     SeeInvis .   f - staff of death
rCold    . . .     Faith    .   (no shield)
rNeg     + . .     Spirit   .   c - +0 robe
rPois    .         Reflect  .   (no helmet)
rElec    .         Harm     .   (no cloak)
rCorr    .         Rampage  .   (no gloves)
Will     .....                  (no boots)
Stlth    ++........             (no amulet)
HPRegen  0.10/turn              (no ring)
MPRegen  0.13/turn              (no ring)

@: no status effects
A: no striking features
a: no special abilities


You were on level 2 of the Dungeon.
You visited 1 branch of the dungeon, and saw 2 of its levels.

You collected 76 gold pieces.

Inventory:

Missiles
 b - 42 stones
Armour
 a - a +0 buckler
 c - a +0 robe (worn)
Magical Staves
 f - a staff of death (weapon)
Scrolls
 d - a scroll of holy word {unknown}
Potions
 e - a potion of curing {unknown}


   Skills:
 * Level 2.5 Fighting
 - Level 2.4 Dodging
 - Level 2.4 Stealth
 + Level 1.4 Shields
 + Level 4.2 Spellcasting
 - Level 1.1 Transmutations
 + Level 4.2 Earth Magic


You had 11 spell levels left.
You knew the following spells:

 Your Spells              Type           Power      Damage    Failure   Level
a - Sandblast             Erth           44%        2d11      1%          1

Your spell library contained the following spells:

 Spells                   Type           Power      Damage    Failure   Level
 Passwall                 Tmut/Erth      12%        N/A       6%          2
 Stone Arrow              Conj/Erth      26%        3d8       14%         3
 Petrify                  Tmut/Erth      15%        N/A       36%         4
 Lee's Rapid Deconstruct  Erth           11%        3d9*      50%         5


Dungeon Overview and Level Annotations

Branches:
Dungeon (2/15)

Altars:


Message History

You now have 76 gold pieces (gained 10).
Found a short sword.
A bat comes into view.
A bat is nearby!
A bat is nearby!
No target in view!
No target in view!
No target in view!
No target in view!
A bat is nearby!
The bat closely misses you.
You miss the bat. The bat barely misses you.
You hit the bat.
The bat is heavily wounded.
The bat hits you but does no damage.
A gnoll comes into view. It is wielding a +0 spear.
The bat closely misses you. The bat hits you but does no damage.
You hit the bat.
You kill the bat! 3 gnolls come into view.
A gnoll is wielding a +1 halberd of freezing.
The gnoll shouts!
The gnoll closely misses you.
The gnoll shouts! x2
The gnoll barely misses you.
You hit the gnoll.
The gnoll is lightly wounded.
The gnoll hits you with a +0 spear. The gnoll closely misses you.
You hit the gnoll.
The gnoll is moderately wounded.
The gnoll hits you with a +0 spear.
The gnoll hits you from afar with a +1 halberd of freezing.
The gnoll freezes you.
You hit the gnoll.
The gnoll is heavily wounded.
The gnoll hits you from afar with a +1 halberd of freezing!
Ouch! That really hurt!
* * * LOW HITPOINT WARNING * * *
The gnoll freezes you.
You die...

.# ## # ... .. ..
#.#+ ##... ..
#.##.#.###+#.....
## ......##.......#
.....##.......#
.##.#.##.gg.....
...# .
.........@.gg..#
#..# #
#.##.#.#.#+#+#.#
#..# #
#.##.#†......# #..#
# #.##.#.#.#.#.#
#..# # #.##...#.#.#
#..# # #.##.#.#.# #
######..##
########)##.#.#.#
.............
................#
#.#######..##
########.##.#.#.#.#
#.# #..#


You could see 4 gnolls.

Vanquished Creatures
  Sigmund (D:2)
  An adder (D:2)
  An endoplasm (D:2)
  A giant cockroach (D:1)
  3 goblins (D:1)
  A hobgoblin (D:2)
  5 jackals
  A quokka (D:1)
  2 bats
  8 frilled lizards (D:1)
  A kobold (D:1)
  3 rats (D:1)
28 creatures vanquished.

Notes
Turn   | Place    | Note
-------+----------+-------------------------------------------
     0 | D:1      | Johnny the Deep Elf Earth Elementalist began the quest for
                  | the Orb.
     0 | D:1      | Reached XP level 1. HP: 10/10 MP: 6/6
   361 | D:1      | Reached XP level 2. HP: 8/16 MP: 4/8
   562 | D:1      | Reached skill level 1 in Fighting
  1184 | D:2      | Reached XP level 3. HP: 17/20 MP: 4/9
  1234 | D:2      | Noticed Sigmund
  1243 | D:2      | Killed Sigmund
  1244 | D:2      | Reached skill level 1 in Shields
  1244 | D:2      | Reached XP level 4. HP: 15/27 MP: 4/12
  1244 | D:2      | Reached XP level 5. HP: 18/31 MP: 4/13
  1551 | D:2      | Slain by a gnoll

Illustrated notes

Levels and vault maps discovered:
D:1:      dpeg_arrival_refuge, layout_basic, minmay_lizard_pond
D:2:      layout_basic, serial_shops, shop, shop_coins,
          hellmonk_ecumenical_altar_pennies_from_heaven, uniq_sigmund,
          uniq_terence

Skill      XL: |  1  2  3 |
---------------+----------+-----
Fighting       | 1 2 |  2.5
Shields        | 1 |  1.4
Spellcasting   | 4 |  4.2
Earth Magic    | 4 |  4.2
Dodging        | |  2.4
Stealth        | |  2.4
Transmutations | |  1.1

Action                   |  1- 3 |  4- 6 || total
-------------------------+-------+-------++-------
Melee: Unarmed           |    17 |       ||    17
       Staff             |       |     9 ||     9
 Cast: Sandblast         |    34 |     2 ||    36
 Stab: Sleeping          |     3 |       ||     3
Armor: Robe              |     5 |     2 ||     7
Dodge: Dodged            |    16 |    10 ||    26

Table legend: (Time is in decaauts)
 A = Elapsed time spent in this place.
 B = Non-inter-level travel time spent in this place.
 C = Inter-level travel time spent in this place.
 D = Time resting spent in this place.
 E = Time spent auto-exploring this place.
 F = Levels seen in this place.
 G = Mean time per level.
                   A        B        C        D        E       F      G
               +--------+--------+--------+--------+--------+-----+--------+
         Total |   1553 |   1538 |     15 |    120 |   1241 |   2 |  776.5 |
       Dungeon |   1553 |   1538 |     15 |    120 |   1241 |   2 |  776.5 |
               +--------+--------+--------+--------+--------+-----+--------+

Top non-repeatable levels by time:
     D:1: 1175 daAuts
     D:2: 377 daAuts
